AoeStats
← MadCat

Oasis

509420589Analyzed
2v2 RM · 4d ago on Sep 26, 2026· 42m 31s· 4 players
Game mode
Random Map
Map size
Medium (4 player)
Population
200
Speed
Normal
Resources
Standard
Victory
Conquest
Starting age
Dark Age
Ending age
Imperial Age
RankedLock teamsTeams togetherTeam positionsShared explorationLock speedFull tech treeHidden civsTurbo modeCheats
Victory
Defeat
🇨🇱 Britons · Chile
1088
+14
🇨🇱 Mongols · Chile
1072
+15
🇩🇪 Saxons · Germany
1062
-15
🇩🇪 Mongols · Germany
1038
-14
MadCat
8:55 Loom
11:21 Feudal Age
12:55 Double-Bit Axe
15:53 Castle Age
14:04 Horse Collar
18:14 Fletching
24:27 Padded Archer Armor
24:55 Bow Saw
27:02 Elite Skirmisher
31:16 Ballistics
31:48 Leather Archer Armor
33:38 Bodkin Arrow
35:55 Thumb Ring
36:20 Town Watch
40:39 Imperial Age
41:55 Parthian Tactics
41:56 Conscription
42:53 Bracer
schnage
8:12 Loom
9:57 Feudal Age
10:10 Feudal Age
12:31 Double-Bit Axe
15:03 Town Watch
17:42 Castle Age
18:57 Pikeman
20:52 Bow Saw
26:41 Horse Collar
28:39 Heavy Plow
30:03 Wheelbarrow
34:49 Imperial Age
32:47 Fletching
32:58 Padded Archer Armor
35:09 Ballistics
34:45 Murder Holes
34:18 Clerical Recruitment
35:12 Bodkin Arrow
35:33 Leather Archer Armor
34:45 Elite Skirmisher
36:09 Bracer
37:29 Chemistry
37:44 Conscription
38:07 Elite Varangian Guard
41:09 Halberdier
PumAge | carlomagno
6:41 Loom
8:49 Feudal Age
9:40 Double-Bit Axe
11:30 Horse Collar
20:56 Castle Age
22:23 Bow Saw
24:10 Wheelbarrow
28:28 Fletching
31:27 Bodkin Arrow
35:06 Imperial Age
33:29 Ballistics
33:25 Thumb Ring
34:16 Husbandry
34:27 Bloodlines
34:39 Padded Archer Armor
35:18 Hand Cart
35:10 Nomads
35:07 Town Watch
36:54 Chemistry
35:57 Bracer
36:11 Heavy Plow
37:10 Conscription
37:01 Siege Engineers
37:42 Masonry
37:37 Gold Mining
37:41 Light Cavalry
38:45 Scale Barding Armor
39:13 Hussar
40:14 Chain Barding Armor
42:00 Forging
PumAge | Mr.9988
6:48 Loom
6:54 Loom
9:39 Feudal Age
15:38 Fletching
19:11 Castle Age
19:56 Bodkin Arrow
19:27 Crossbowman
21:51 Town Watch
22:24 Double-Bit Axe
22:24 Horse Collar
26:10 Ballistics
33:24 Imperial Age
31:47 Gold Mining
32:19 Stone Mining
33:09 Gold Shaft Mining
33:39 Wheelbarrow
33:40 Arbalester
36:08 Chemistry
35:12 Padded Archer Armor
35:43 Masonry
39:01 Bracer
39:16 Leather Archer Armor
39:57 Hand Cart
39:42 Town Patrol
40:48 Conscription
40:55 Heavy Plow
41:33 Caravan
42:08 Bow Saw
Connection lost

Rejoining the realm…

Still unreachable

The connection could not be restored.

Session expired

The server has moved on; the page needs a fresh start.